 Dungeon Crawl Stone Soup version 0.23.0 (webtiles) character file.

Game seed: 3078200449039420419

233 inmateoo the Firebug (level 5, -7/38 HPs)
             Began as a Demigod Fire Elementalist on Feb 14, 2019.
             Mangled by an ogre
             ... wielding a +0 giant spiked club
              (38 damage)
             ... on level 4 of the Dungeon.
             The game lasted 00:03:59 (2753 turns).

inmateoo the Firebug (Demigod Fire Elementalist)    Turns: 2753, Time: 00:03:59

Health: -7/38      AC:  3    Str: 11    XL:     5   Next: 46%
Magic:  13/13      EV: 12    Int: 21    God:
Gold:   142        SH:  0    Dex: 19    Spells: 7/10 levels left

rFire    . . .     SeeInvis .   g - +1 spear
rCold    . . .     Gourm    .   (no shield)
rNeg     . . .     Faith    .   a - +0 robe
rPois    .         Spirit   .   (no helmet)
rElec    .         Reflect  .   m - +0 cloak
rCorr    .         Harm     +   (no gloves)
MR       .....                  (no boots)
Stlth    ++........             q - amulet of harm
HPRegen  0.12/turn              d - +3 ring of dexterity
MPRegen  0.13/turn              (no ring)

@: no status effects
A: high mp 1
a: no special abilities


You were on level 4 of the Dungeon.
You were not hungry.

You visited 1 branch of the dungeon, and saw 4 of its levels.

You collected 142 gold pieces.

Inventory:

Hand Weapons
 g - a +1 spear (weapon)
Armour
 a - a +0 robe (worn)
 m - a +0 cloak (worn)
Jewellery
 d - a +3 ring of dexterity (left hand)
 e - an uncursed amulet of rage
 q - an amulet of harm (around neck)
Scrolls
 h - a scroll of blinking
 i - 3 scrolls of identify
 j - a scroll of enchant weapon
Potions
 b - a potion of haste {unknown}
 f - a potion of resistance {unknown}
 l - a potion of invisibility {unknown}
 o - a potion of mutation {unknown}
 p - a potion of curing
Comestibles
 c - 7 rations


   Skills:
 - Level 1.7 Dodging
 - Level 1.7 Stealth
 + Level 3.4 Spellcasting
 - Level 0.8 Conjurations
 + Level 4.9 Fire Magic


You had 7 spell levels left.
You knew the following spells:

 Your Spells              Type           Power        Failure   Level  Hunger
a - Flame Tongue          Conj/Fire      ###..        3%          1    None
b - Throw Flame           Conj/Fire      ###...       6%          2    ##.....

Your spell library contained the following spells:

 Spells                   Type           Power        Failure   Level  Hunger
 Conjure Flame            Conj/Fire      ###.....     12%         3    ###....
 Inner Flame              Hex/Fire       ##......     14%         3    ###....
 Sticky Flame             Conj/Fire      ###.....     36%         4    ####...
 Fireball                 Conj/Fire      ###.......   71%         5    ######.


Dungeon Overview and Level Annotations

Branches:
Dungeon (4/15)
 Temple: D:4-7

Annotations:
D:4 Robin


Innate Abilities, Weirdness & Mutations

You have an increased reservoir of magic. (+10% MP)


Message History

The flame tongue hits the ogre!
The ogre is heavily wounded.
The hobgoblin shouts!
The goblin shouts!
The hobgoblin shouts!
The goblin shouts!
The hobgoblin shouts!
Robin throws the goblin at you!
A centaur comes into view.
The goblin hits you but does no damage.
A goblin comes into view. It is wielding a -1 club.
The goblin barely misses you.
The hobgoblin no longer looks unusually strong.
The centaur wields a +0 shortbow.
The centaur shoots an arrow.
The arrow hits you.
There is a stone staircase leading down, spattered with blood here.
You see here an arrow.
The centaur shoots an arrow.
The arrow hits you.
You see here an arrow.
There is an escape hatch in the floor here.
The ogre hits you with a +0 giant spiked club!!
Ouch! That really hurt!
You die...

#####.### #.......
#.....# ## #...<.# #.
#.....#
##.##########.....#
#.................#
#..........##.#####
#...@......##.......#
##.#O....#..........#
#.#c###.##########.#
##...# ..# #.(###.###
########g.......
..≈≈≈.....#.....
######g......).
#.#...#..#..


You could see an ogre and a centaur.

Vanquished Creatures
  An orc wizard (D:3)
  A centaur skeleton (D:4)
  A hound (D:2)
  6 adders
  4 worms
  4 leopard geckos
  2 orcs (D:3)
  A giant cockroach (D:3)
  9 goblins
  7 hobgoblins
  5 jackals
  13 kobolds
  9 bats
  4 frilled lizards
  8 rats
75 creatures vanquished.

Notes
Turn   | Place    | Note
-------+----------+-------------------------------------------
     0 | D:1      | inmateoo the Demigod Fire Elementalist began the quest for
                  | the Orb.
     0 | D:1      | Reached XP level 1. HP: 14/14 MP: 5/5
    92 | D:1      | Reached skill level 3 in Fire Magic
   318 | D:1      | Reached XP level 2. HP: 20/20 MP: 5/7
   509 | D:1      | Learned a level 2 spell: Throw Flame
   959 | D:2      | Found a burning altar of Makhleb.
   963 | D:2      | Reached skill level 4 in Fire Magic
   963 | D:2      | Reached XP level 3. HP: 21/26 MP: 5/9
  1496 | D:2      | Reached XP level 4. HP: 29/33 MP: 5/10
  2245 | D:3      | Found a radiant altar of Vehumet.
  2247 | D:3      | Found an ornate altar of the Wu Jian Council.
  2334 | D:3      | Reached XP level 5. HP: 38/38 MP: 8/12
  2664 | D:4      | Found a shadowy altar of Dithmenos.
  2721 | D:4      | Noticed an ogre
  2723 | D:4      | Noticed Robin
  2724 | D:4      | Noticed a centaur
  2753 | D:4      | Mangled by an ogre

Skill      XL: |  1  2  3  4 |
---------------+-------------+-----
Fire Magic     | 3 4 |  4.9
Spellcasting   | 2 3 |  3.4
Dodging        | |  1.7
Stealth        | |  1.7
Conjurations   | |  0.8

Action                   |  1- 3 |  4- 6 || total
-------------------------+-------+-------++-------
Melee: Unarmed           |    20 |       ||    20
       Spear             |     6 |     9 ||    15
 Cast: Flame Tongue      |    78 |    65 ||   143
  Use: Scroll            |       |    10 ||    10
 Stab: Sleeping          |       |     1 ||     1
  Eat: Chunk             |     2 |     4 ||     6
Armor: Robe              |    15 |     8 ||    23
Dodge: Dodged            |    63 |    22 ||    85
